 Dungeon Crawl Stone Soup version 0.19.1-28-ge1247f7 (webtiles) character file.

1288 TuxedoFelix the Covered (level 8, -4/68 HPs)
             Began as a Minotaur Fighter on Jan 21, 2017.
             Slain by an orc warrior
             ... wielding a +0 halberd
              (7 damage)
             ... on level 6 of the Dungeon.
             The game lasted 00:29:16 (6211 turns).

TuxedoFelix the Covered (Minotaur Fighter)          Turns: 6211, Time: 00:29:17

Health: -4/68      AC:  9    Str: 28    XL:     8   Next: 30%
Magic:  7/7        EV:  9    Int:  5    God:
Gold:   149        SH: 11    Dex: 10    Spells: 0 memorised, 7 levels left

rFire  . . .     SeeInvis .     a - +0 long sword
rCold  + . .     Gourm    .     b - +0 scale mail
rNeg   . . .     Faith    .     c - +0 shield
rPois  .         Spirit   .     (helmet restricted)
rElec  .         Reflect  .     (no cloak)
rCorr  +         Harm     .     k - +0 pair of gloves
MR     .....                    (no boots)
Stlth  ..........               (no amulet)
                                s - ring of protection from cold
                                u - ring of resist corrosion

@: mighty
A: retaliatory headbutt, horns 2
a: no special abilities


You were on level 6 of the Dungeon.
You were not hungry.

You visited 1 branch of the dungeon, and saw 6 of its levels.

You collected 261 gold pieces.
You spent 112 gold pieces at shops.

Inventory:

Hand Weapons
 a - a +0 long sword (weapon)
Armour
 b - a +0 scale mail (worn)
 c - a +0 shield (worn)
 k - a +0 pair of gloves (worn)
Jewellery
 g - an uncursed ring of wizardry
 s - a ring of protection from cold (right hand)
 u - a ring of resist corrosion (left hand)
Scrolls
 e - a scroll of enchant weapon {unknown}
 h - a scroll of noise {unknown}
 i - a scroll of remove curse
 j - a scroll of immolation
 l - a scroll of random uselessness {unknown}
 m - a scroll of magic mapping {unknown}
 q - a scroll of fog {unknown}
 r - 3 scrolls of recharging
 t - a scroll of teleportation {unknown}
 v - a scroll of enchant armour {unknown}
Potions
 o - 2 potions of cancellation
 w - a potion of brilliance {unknown}
Comestibles
 d - a slice of pizza
 f - 4 bread rations
 p - 7 chunks of flesh


   Skills:
 + Level 5.3 Fighting
 + Level 7.1 Long Blades
 + Level 7.3 Armour
 + Level 2.6 Dodging
 + Level 0.1 Stealth
 + Level 6.7 Shields


You had 7 spell levels left.
You didn't know any spells.

Dungeon Overview and Level Annotations

Branches:
Dungeon (6/15)
 Temple: D:4-7

Altars:

Shops:
D:5 *

Annotations:
D:4 Edmund


Innate Abilities, Weirdness & Mutations

You reflexively headbutt those who attack you in melee.
You have a pair of horns on your head.


Message History

You closely miss the orc warrior. You hit the orc warrior.
The orc warrior is lightly wounded.
The orc warrior hits you with a halberd.
* * * LOW HITPOINT WARNING * * *
You hit the orc warrior. Your headbutt misses the orc warrior.
The orc warrior is moderately wounded.
You block the orc warrior's attack.
You feel very mighty all of a sudden. The orc warrior barely misses you.
You furiously retaliate!
You headbutt the orc warrior!
You riposte.
You barely miss the orc warrior.
The orc warrior is heavily wounded.
You hit the orc warrior. You headbutt the orc warrior.
The orc warrior is almost dead.
The orc warrior hits you with a halberd!
* * * LOW HITPOINT WARNING * * *
You closely miss the orc warrior.
The orc warrior is almost dead.
The orc warrior hits you with a halberd!
You die...

.........).........#
######...##........#
##............#
#.#..........#
####......<.....#
###
#......#........#
.......#.).#########
##....##.#....#...
#..#..#@#........ #.
##..o......... #
##...........
#...........
...............
###............
.........<...##
.##..#.......# >
............#


You could see an orc warrior.

Vanquished Creatures
  Menkaure (D:5)
  A phantom (D:4)
  A black bear (D:3)
  A centaur (D:5)
  2 ogres (D:4)
  A bullfrog (D:6)
  3 scorpions
  3 hounds
  A bullfrog skeleton (D:6)
  An orc priest (D:5)
  Natasha (thrice) (D:3)
  2 orc wizards
  2 worker ants
  3 gnolls (D:3)
  7 adders
  A shadow imp (D:5)
  2 oozes
  An adder zombie (D:5)
  2 worms
  2 dart slugs (D:1)
  A leopard gecko (D:4)
  21 orcs
  3 ball pythons
  A bat zombie (D:1)
  A giant cockroach (D:1)
  7 goblins
  4 hobgoblins
  2 jackals (D:3)
  6 kobolds
  4 quokkas
  A ball python skeleton (D:5)
  A ball python zombie (D:1)
  10 bats
  4 frilled lizards
  7 rats
113 creatures vanquished.

Notes
Turn   | Place    | Note
-------+----------+-------------------------------------------
     0 | D:1      | TuxedoFelix the Minotaur Fighter began the quest for the Orb.
     0 | D:1      | Reached XP level 1. HP: 19/19 MP: 0/0
   113 | D:1      | Reached XP level 2. HP: 27/27 MP: 1/1
   424 | D:1      | Reached XP level 3. HP: 33/33 MP: 2/2
  1770 | D:2      | Reached XP level 4. HP: 40/40 MP: 3/3
  2011 | D:3      | Noticed a black bear
  2029 | D:3      | Killed a black bear
  2029 | D:3      | Reached skill level 5 in Armour
  2029 | D:3      | Reached XP level 5. HP: 34/46 MP: 4/4
  2122 | D:3      | Reached skill level 1 in Dodging
  2308 | D:3      | Found a faded altar of an unknown god.
  2486 | D:3      | Reached skill level 5 in Shields
  2577 | D:3      | Noticed Natasha
  2586 | D:3      | Killed Natasha
  2586 | D:3      | Reached XP level 6. HP: 28/52 MP: 5/5
  2953 | D:3      | Noticed Natasha
  2981 | D:3      | Killed Natasha
  3013 | D:3      | Noticed Natasha
  3019 | D:3      | Killed Natasha
  3484 | D:4      | Reached skill level 5 in Long Blades
  3731 | D:4      | Reached XP level 7. HP: 57/60 MP: 6/6
  4120 | D:4      | Noticed Edmund
  4429 | D:5      | Entered Level 5 of the Dungeon
  4737 | D:5      | Noticed Menkaure
  4748 | D:5      | Killed Menkaure
  4748 | D:5      | Reached skill level 5 in Fighting
  4971 | D:5      | Reached XP level 8. HP: 63/68 MP: 7/7
  5128 | D:5      | Found Zyadear's General Store.
  5135 | D:5      | Bought a potion of cancellation for 112 gold pieces
  6210 | D:6      | HP: 3/68 [orc warrior/halberd (15)]
  6211 | D:6      | Slain by an orc warrior

Skill      XL: |  1  2  3  4  5  6  7  8 |
---------------+-------------------------+-----
Armour         | 4 5 7 |  7.3
Fighting       | 4 5 |  5.3
Long Blades    | 3 4 5 6 7 |  7.1
Shields        | 4 5 6 |  6.7
Dodging        | 1 2 |  2.6
Stealth        | |  0.1

Action                   |  1- 3 |  4- 6 |  7- 9 || total
-------------------------+-------+-------+-------++-------
Melee: Long sword        |   106 |   135 |   132 ||   373
       Headbutt          |    12 |    24 |    25 ||    61
  Use: Scroll            |     2 |     4 |     1 ||     7
       Potion            |       |     2 |     3 ||     5
  Eat: Chunk             |     3 |     1 |     3 ||     7
       Royal jelly       |       |     1 |       ||     1
       Pizza             |       |     1 |       ||     1
       Beef jerky        |       |     1 |       ||     1
       Meat ration       |       |       |     1 ||     1
Armor: Scale mail        |    58 |    57 |    34 ||   149
Dodge: Dodged            |    31 |    46 |    39 ||   116
Block: Shield            |    79 |    70 |    72 ||   221
       Rpst.: Long sword |     3 |     8 |     8 ||    19
